AoeStats
← cvlp

Arabia

509001787Analyzed
2v2 RM · 8d ago on Sep 25, 2026· 35m 30s· 4 players
Game mode
Random Map
Map size
Medium (4 player)
Population
200
Speed
Normal
Resources
Standard
Victory
Conquest
Starting age
Dark Age
Ending age
Imperial Age
RankedLock teamsTeams togetherTeam positionsShared explorationLock speedFull tech treeHidden civsTurbo modeCheats
Victory
Defeat
🇦🇷 Maya · Argentina
1530
+11
🇹🇼 Persians · Taiwan
1493
+13
🇨🇳 Mapuche · China
1436
-12
🇨🇳 Vikings · China
1411
-12
isdaniel
7:06 Loom
9:13 Feudal Age
9:57 Double-Bit Axe
10:14 Horse Collar
18:28 Castle Age
17:19 Bloodlines
17:52 Gold Mining
19:25 Bow Saw
23:38 Scale Barding Armor
23:53 Husbandry
25:44 Wheelbarrow
25:55 Chain Barding Armor
28:48 Town Watch
31:29 Forging
34:42 Light Cavalry
ELBIO
0:25 Loom
9:53 Feudal Age
10:36 Double-Bit Axe
13:47 Horse Collar
15:04 Fletching
15:09 Town Watch
16:39 Padded Archer Armor
24:29 Castle Age
23:51 Gold Mining
25:55 Wheelbarrow
24:53 Crossbowman
25:44 Thumb Ring
26:12 Heavy Plow
26:37 Bow Saw
26:38 Bodkin Arrow
28:39 Ballistics
29:27 Leather Archer Armor
Teaht
7:43 Loom
10:04 Feudal Age
10:41 Double-Bit Axe
19:11 Castle Age
17:15 Horse Collar
17:45 Fletching
17:56 Padded Archer Armor
20:18 Bodkin Arrow
21:22 Bow Saw
26:04 Wheelbarrow
26:27 Gold Mining
27:35 Ballistics
31:05 Leather Archer Armor
31:42 Hand Cart
35:25 Gold Shaft Mining
38:23 Imperial Age
cvlp
2:42 Loom
6:42 Loom
9:57 Feudal Age
10:46 Double-Bit Axe
13:51 Horse Collar
18:53 Fletching
20:54 Padded Archer Armor
25:48 Castle Age
25:01 Gold Mining
26:28 Bodkin Arrow
26:30 Crossbowman
28:03 Leather Archer Armor
28:51 Bow Saw
Connection lost

Rejoining the realm…

Still unreachable

The connection could not be restored.

Session expired

The server has moved on; the page needs a fresh start.